 Dungeon Crawl Stone Soup version 0.17-b1-18-g553e9fc (webtiles) character file.

28 ReteAZ the Vexing (level 2, 0/22 HPs)
             Began as a Demonspawn Wanderer on Nov 4, 2015.
             Slain by a jackal (1 damage)
             ... on level 2 of the Dungeon.
             The game lasted 00:07:23 (1397 turns).

ReteAZ the Vexing (Demonspawn Wanderer)             Turns: 1397, Time: 00:07:23

Health: 0/22       AC:  2    Str: 15    XL:     2   Next: 96%
Magic:  4/4        EV: 16    Int: 22    God:
Gold:   82         SH:  0    Dex: 16    Spells: 1 memorised, 3 levels left

rFire  . . .     SeeInvis .     k - +0 dagger
rCold  . . .     Clarity  .     d - +0 robe
rNeg   . . .     SustAt   .     (no shield)
rPois  .         Gourm    .     (helmet restricted)
rElec  .         Spirit   .     (no cloak)
rCorr  .         Warding  .     (no gloves)
rMut   .         Stasis   .     (no boots)
MR     .....                    (no amulet)
Stlth  ++........               (no ring)
                                j - +6 ring of intelligence

@: brilliant, agile, not resistant to hostile enchantments, unstealthy
A: antennae 1
a: no special abilities


You were on level 2 of the Dungeon.
You were not hungry.

You visited 1 branch of the dungeon, and saw 2 of its levels.

You collected 82 gold pieces.

Inventory:

Hand Weapons
 e - a +0 club
 k - a +0 dagger (weapon)
Missiles
 g - 37 stones (quivered)
Armour
 d - a +0 robe (worn)
 i - a +0 helmet
Jewellery
 j - a +6 ring of intelligence (left hand)
Books
 a - a book of Maledictions

   Spells                             Type                      Level
   a - Corona                         Hexes                        1
   b - Ensorcelled Hibernation        Hexes/Ice                    2
   c - Confuse                        Hexes                        3
   d - Tukima's Dance                 Hexes                        3
   e - Dazzling Spray                 Conjuration/Hexes            3
 b - Sif Muna's Guide on Fire

   Spells                             Type                      Level
   a - Flame Tongue                   Conjuration/Fire             1
   b - Ignite Poison                  Fire/Transmutation/Poison    3
 c - Sif Muna's Compendium of Intoxication

   Spells                             Type                      Level
   a - Sting                          Conjuration/Poison           1
   b - Ignite Poison                  Fire/Transmutation/Poison    3
Comestibles
 f - a bread ration
 m - a meat ration
 n - 3 chunks of flesh


   Skills:
 + Level 2.2 Fighting
   Level 1.7 Polearms
   Level 1.0 Shields
 + Level 1.9 Spellcasting
 - Level 3.0 Hexes
   Level 1.0 Poison Magic
   Level 1.0 Evocations


You had 3 spell levels left.
You knew the following spells:

 Your Spells              Type           Power        Failure   Level  Hunger
a - Corona                Hex            ####...      1%          1    #......


Dungeon Overview and Level Annotations

Branches:
Dungeon (2/15)

Altars:


Innate Abilities, Weirdness & Mutations

You have a pair of small antennae on your head.


Message History

The jackal is severely wounded.
The jackal misses you.
You hit the jackal but do no damage.
The jackal is severely wounded.
The jackal closely misses you. The jackal bites you.
* * * LOW HITPOINT WARNING * * *
You hit the jackal.
You kill the jackal!
The jackal closely misses you.
You hit the jackal but do no damage.
The jackal bites you but does no damage.
You hit the jackal.
The jackal is moderately wounded.
The jackal bites you.
* * * LOW HITPOINT WARNING * * *
A jackal comes into view.
You hit the jackal.
The jackal is almost dead.
The jackal misses you. The jackal bites you.
You die...

# .####.. #.
.#....####
#.##.##......
#..........#
#####.###.#..#
#......<.....#
#.###.#h...h.###...
#.#h###........
#.#@#.....#####
#.###.#.#.#
#........... #####
#.. ... +<.......
#... .... #........


You could see 2 jackals.

Vanquished Creatures
  2 oozes (D:1)
  A giant gecko (D:2)
  2 goblins (D:1)
  2 hobgoblins (D:1)
  A jackal (D:2)
  2 bats
  4 giant newts
  4 kobolds (D:1)
  2 rats (D:1)
20 creatures vanquished.

Notes
Turn   | Place    | Note
--------------------------------------------------------------
     0 | D:1      | ReteAZ the Demonspawn Wanderer began the quest for the Orb.
     0 | D:1      | ReteAZ set off with: a book of Maledictions, Sif Muna's Guide on Fire, Sif Muna's Compendium of Intoxication, a +0 robe, a +0 club, a bread ration
     0 | D:1      | Reached XP level 1. HP: 15/15 MP: 2/2
     8 | D:1      | Learned a level 1 spell: Corona
   683 | D:1      | Gained mutation: You have a pair of small antennae on your head. [demonic ancestry]
   683 | D:1      | Reached XP level 2. HP: 20/22 MP: 4/4
  1396 | D:2      | HP: 1/22 [jackal (1)]
  1397 | D:2      | Slain by a jackal

Action                   || total
-------------------------++-------
Melee: Club              ||    35
       Dagger            ||    69
Throw: Stone             ||    15
 Cast: Corona            ||     8
  Use: Scroll            ||     1
       Potion            ||     2
 Stab: Sleeping          ||     1
  Eat: Bread ration      ||     1
